 Dungeon Crawl Stone Soup version 0.31.0-32-g396128a36d (webtiles) character file.

Game seed: 15948657954955687511

33060 Peloso the Peltast (level 13, -10/116 HPs)
             Began as a Minotaur Fighter on Apr 15, 2024.
             Was a High Priest of Okawaru.
             Mangled by Rupert
             ... wielding a +5 great mace of protection
              (22 damage)
             ... on level 3 of the Lair of Beasts.
             The game lasted 00:35:00 (19039 turns).

Peloso the Peltast (Minotaur Fighter)              Turns: 19039, Time: 00:35:01

Health: -10/116    AC: 18    Str: 21    XL:     13   Next: 34%
Magic:  13/13      EV:  6    Int:  5    God:    Okawaru [*****.]
Gold:   1028       SH: 19    Dex: 15    Spells: 12/12 levels left

rFire   + + .        a - +0 long sword (flame)
rCold   . . .        d - +0 tower shield
rNeg    . . .        h - +3 plate armour {rF+}
rPois   .            (helmet currently unavailable)
rElec   .            (cloak currently unavailable)
rCorr   .            (gloves currently unavailable)
SInv    .            (boots currently unavailable)
Will    .....        (no amulet) Stlth
                     J - ring of flight
HPRegen 0.39/turn    O - ring of protection from fire
MPRegen 0.13/turn

%: no passive effects
@: beast-form, on berserk cooldown, flying, slowed, very slow
A: beast (slay +3), horns 2, retaliatory headbutt
a: Begin Untransformation, Renounce Religion, Heroism, Finesse, Duel


You were on level 3 of the Lair of Beasts.
You worshipped Okawaru.
Okawaru was extremely pleased with you.
You were a hulking beast.
You visited 3 branches of the dungeon, and saw 15 of its levels.
You also visited: Volcano.

You collected 1028 gold pieces.

Inventory:

Hand Weapons
 a - a +0 long sword of flaming (weapon)
Armour
 b - a +0 scale mail
 d - a +0 tower shield (worn)
 h - a +3 plate armour of fire resistance (worn)
 t - a +0 pair of gloves
 x - a +0 pair of boots
 V - a +2 cloak
Jewellery
 o - a ring of positive energy
 u - a ring of magical power
 v - an amulet of guardian spirit
 B - a ring of protection from cold
 H - a ring of positive energy
 I - a ring of ice
 J - a ring of flight (left hand)
 O - a ring of protection from fire (right hand)
 Q - a +5 ring of evasion
 R - an amulet of magic regeneration
 W - an amulet of faith
Talismans
 k - a beast talisman (active)
 L - a maw talisman
Wands
 c - a wand of polymorph (7)
 q - a wand of mindburst (4)
 C - a wand of paralysis (4)
 N - a wand of quicksilver (7)
 P - a wand of flame (18)
 U - a wand of iceblast (19)
Scrolls
 j - 2 scrolls of fear
 l - 2 scrolls of blinking
 m - 3 scrolls of enchant weapon
 n - 9 scrolls of teleportation
 r - 2 scrolls of butterflies
 y - 2 scrolls of poison
 D - 4 scrolls of fog
 F - 3 scrolls of amnesia
 K - 3 scrolls of identify
 M - a scroll of silence
Potions
 e - 2 potions of heal wounds
 f - 5 potions of might
 g - 8 potions of curing
 i - 5 potions of mutation
 p - a potion of ambrosia {unknown}
 s - 2 potions of haste
 w - 3 potions of brilliance
 z - 2 potions of berserk rage
 A - a potion of magic {unknown}
 E - a potion of invisibility {unknown}
 G - 2 potions of attraction {unknown}
 S - a potion of lignification
 T - 2 potions of enlightenment {unknown}


   Skills:
 + Level 11.1 Fighting
 + Level 13.9 Long Blades
 + Level 12.2 Armour
 + Level 2.4 Dodging
 + Level 1.7 Stealth
 + Level 15.6 Shields
 + Level 1.5 Invocations
 + Level 0.2 Evocations
 + Level 5.4 Shapeshifting


You had 12 spell levels left.
You didn't know any spells.
Your spell library contained the following spells:

 Spells                   Type           Power      Damage    Failure   Level
 Kiss of Death            Conj/Necr      0%         2d5       100%        1
 Magic Dart               Conj           0%         1d3       100%        1
 Necrotise                Necr           0%         1d4       100%        1
 Cigotuvi's Dreadful Rot  Necr/Alch/Air  0%         N/A       100%        2
 Searing Ray              Conj           0%         2d4       100%        2
 Static Discharge         Conj/Air       0%         3-3/arc   100%        2
 Confusing Touch          Hex            0%         N/A       100%        3
 Inner Flame              Hex/Fire       0%         N/A       100%        3
 Sigil of Binding         Hex            0%         N/A       100%        3
 Vampiric Draining        Necr           0%         2d6       100%        3
 Airstrike                Air            0%         2d(0-16)  100%        4
 Dimensional Bullseye     Hex/Tloc       0%         N/A       100%        4
 Dispel Undead            Necr           0%         3d6       100%        4
 Flame Wave               Conj/Fire      0%         2d4       100%        4
 Fulminant Prism          Conj/Alch      0%         3d5       100%        4
 Iskenderun's Mystic Bla  Conj/Tloc      0%         2d3       100%        4
 Sticky Flame             Fire/Alch      0%         2d4       100%        4
 Curse of Agony           Necr           0%         N/A       100%        5
 Call Canine Familiar     Summ           Unusable   N/A       N/A         3
 Tukima's Dance           Hex            Unusable   N/A       N/A         3
 Martyr's Knell           Necr/Summ      Unusable   N/A       N/A         4
 Summon Lightning Spire   Summ/Air       Unusable   N/A       N/A         4
 Death Channel            Necr           Unusable   N/A       N/A         6

Dungeon Overview and Level Annotations

Branches:
Dungeon (11/15)            Temple (1/1) D:5            Lair (3/5) D:10
  Swamp (0/4) Lair:3        Snake (0/4) Lair:2          Orc (0/2) D:10
Volcano (visited)

Altars:
Ashenzari
Cheibriados
Dithmenos
Elyvilon
Fedhas
Gozag
Hepliaklqana
Kikubaaqudgha
Makhleb
Nemelex Xobeh
Okawaru
Qazlal
Ru
Sif Muna
Trog
Uskayaw
Vehumet
Wu Jian
Xom
Yredelemnul
Zin
The Shining One
Jiyva

Shops:
D:7 *   D:10 =:

Annotations:
D:4 1 runed translucent door, Crazy Yiuf
D:11 2 transporters, 2 runed translucent doors, Exe's ghost, journeyman DsBe
Lair:2 3 runed translucent doors, SomethingFishy's ghost, journeyman HOFi
Lair:3 Rupert


Innate Abilities, Weirdness & Mutations

You are a hulking beast.
Your limbs bulge with bestial killing power. (Slay +3)
You have a pair of horns on your head.
You reflexively headbutt those who attack you in melee.


Message History

Rupert hits you with a +5 great mace of protection!!
Unknown command.
You slice Rupert!! You burn Rupert! You headbutt Rupert!
Rupert is heavily wounded.
You block Rupert's attack.
Unknown command.
You hit Rupert. You burn Rupert. Your headbutt misses Rupert.
Rupert is heavily wounded.
You are no longer berserk.
You are exhausted.
You feel yourself slow down. Rupert hits you but does no damage.
Unknown command.
You completely miss Rupert.
Rupert is heavily wounded.
You block Rupert's attack. x2
Unknown command.
You hit Rupert. You burn Rupert. You headbutt Rupert.
Rupert is severely wounded.
Rupert hits you with a +5 great mace of protection!!
You block Rupert's attack.
Unknown command.
You barely miss Rupert. Your headbutt misses Rupert.
Rupert is severely wounded.
You block Rupert's attack. x2
Unknown command.
You hit Rupert but do no damage. You headbutt Rupert, but do no damage.
Rupert is heavily wounded.
Rupert hits you with a +5 great mace of protection!!
* * * LOW HITPOINT WARNING * * *
You block Rupert's attack.
You hear a bellow! x2
Blink to where?
Press: ? - help, Dir - move target
As you read the scroll of blinking, it crumbles to dust.
Rupert rages.
Rupert rages.
Rupert rages.
Rupert hits you with a +5 great mace of protection!!
You die...
Rupert roars with triumph.

## #.....(..##
...###.######...........
........§..........#....
...P.#.P##.......#####..
..# ########...## .
##...## #.....# .
##@...#### .. #######
#h........
...###PP##.####.........
.........................
...............÷.........
.......<.................
.#######.###.##P###...P##
### ###### #####


You could see Rupert (berserk).

Vanquished Creatures
  A dire elephant (Lair:2)
  A fire dragon (Volcano)
  4 hydras
  An alligator (Lair:2)
  An anaconda (Lair:2)
  4 two-headed ogres
  Pikel (D:4)
  3 lindwurms (Volcano)
  2 deep elf pyromancers (D:10)
  A manticore (D:10)
  6 elephants
  A salamander (Lair:2)
  3 black mambas (Lair:2)
  A smoke demon (Volcano)
  11 cane toads
  A gargoyle (D:11)
  Jeremiah (D:6)
  A rime drake (Lair:1)
  3 komodo dragons
  3 trolls
  4 blink frogs (Lair:1)
  A polar bear (Lair:3)
  2 hornets
  4 slime creatures (D:10)
  Sigmund (D:6)
  2 water elementals (D:10)
  A shadow (D:10)
  A wyvern (Lair:2)
  25 yaks
  9 steam dragons
  2 basilisks (Lair:2)
  10 water moccasins
  3 nagas (Lair:2)
  An acid dragon (D:11)
  3 ice beasts
  A sky beast (D:7)
  4 orc warriors
  2 black bears (D:4)
  An ogre (D:6)
  A boggart (D:10)
  4 wolves (Lair:1)
  8 centaurs
  A phantom (D:4)
  A lemure (D:5)
  3 kobold brigands
  8 bullfrogs
  A scorpion (D:4)
  6 killer bees
  6 howler monkeys
  4 electric eels
  2 bombardier beetles
  7 orc priests
  7 jellies
  3 gnoll boudas
  A hound (D:6)
  3 iguanas
  5 orc wizards
  A sleepcap (D:6)
  A hell rat (Lair:2)
  7 adders
  12 gnolls
  A white imp (D:6)
  2 dart slugs (D:2)
  2 ribbon worms (D:2)
  21 orcs
  3 bats
  4 endoplasms
  2 giant cockroaches (D:1)
  7 goblins
  5 hobgoblins
  7 quokkas
  2 ball pythons
  4 frilled lizards
  17 kobolds
  2 rats
298 creatures vanquished.

Notes
Turn   | Place    | Note
-------+----------+-------------------------------------------
     0 | D:1      | Peloso the Minotaur Fighter began the quest for the Orb.
     0 | D:1      | Reached XP level 1. HP: 19/19 MP: 0/0
   414 | D:1      | Reached XP level 2. HP: 27/27 MP: 1/1
   609 | D:1      | Reached skill level 4 in Shields
  1052 | D:2      | Reached XP level 3. HP: 33/33 MP: 2/2
  1777 | D:2      | Reached XP level 4. HP: 33/40 MP: 3/3
  2770 | D:4      | Noticed a black bear
  2790 | D:4      | Killed a black bear
  2791 | D:4      | Reached skill level 5 in Shields
  2791 | D:4      | Reached XP level 5. HP: 24/46 MP: 4/4
  3031 | D:4      | Reached skill level 5 in Armour
  3197 | D:4      | Found a runed translucent door.
  3198 | D:4      | Noticed Crazy Yiuf
  3348 | D:4      | Found a white marble altar of Elyvilon.
  3349 | D:4      | Found a sacrificial altar of Ru.
  3350 | D:4      | Found a broken altar of Ashenzari.
  3422 | D:5      | Entered Level 5 of the Dungeon
  3422 | D:5      | Noticed an ice beast
  3423 | D:5      | Noticed a phantom
  3440 | D:4      | Killed an ice beast
  3441 | D:4      | Reached skill level 1 in Shapeshifting
  3441 | D:4      | Reached XP level 6. HP: 45/53 MP: 5/5
  3607 | D:4      | Reached skill level 5 in Long Blades
  3698 | D:5      | Noticed an ice beast
  3717 | D:5      | Killed an ice beast
  3718 | D:5      | Reached XP level 7. HP: 46/60 MP: 6/6
  3772 | D:5      | Found a staircase to the Ecumenical Temple.
  3783 | D:5      | Noticed Pikel
  3789 | Temple   | Entered the Ecumenical Temple
  3812 | Temple   | Became a worshipper of Warmaster Okawaru
  3863 | D:4      | Reached skill level 6 in Shields
  3988 | D:4      | Killed Pikel
  3988 | D:4      | Reached * piety under Okawaru
  3989 | D:4      | Reached skill level 5 in Fighting
  3989 | D:4      | Reached XP level 8. HP: 21/69 MP: 7/7
  4288 | D:5      | Reached ** piety under Okawaru
  4289 | D:5      | Reached skill level 7 in Shields
  4964 | D:6      | Reached XP level 9. HP: 33/78 MP: 8/8
  4964 | D:6      | Reached *** piety under Okawaru
  5133 | D:6      | Reached skill level 1 in Dodging
  5678 | D:6      | Noticed Sigmund
  5692 | D:6      | Killed Sigmund
  5693 | D:6      | Reached skill level 8 in Shields
  5811 | D:6      | Noticed Jeremiah
  5883 | D:6      | Killed Jeremiah
  6541 | D:7      | Found Loca's Elemental Accessories.
  7014 | D:8      | Reached **** piety under Okawaru
  7097 | D:8      | Reached skill level 9 in Shields
  7752 | D:8      | Found a bloodstained altar of Trog.
  7753 | D:8      | Found a shadowy altar of Dithmenos.
  7753 | D:8      | Found a glowing silver altar of Zin.
  7754 | D:8      | Found a blossoming altar of Fedhas.
  8117 | D:8      | Reached XP level 10. HP: 57/86 MP: 9/9
  9084 | D:9      | Noticed a two-headed ogre
  9103 | D:9      | Killed a two-headed ogre
  9104 | D:9      | Reached skill level 10 in Long Blades
  9844 | D:10     | Entered Level 10 of the Dungeon
  9844 | D:10     | Found a staircase to the Orcish Mines.
 10009 | D:10     | Reached skill level 10 in Shields
 10145 | D:10     | Reached ***** piety under Okawaru
 10583 | D:10     | Noticed a manticore
 10599 | D:10     | Killed a manticore
 10599 | D:10     | Received a gift from Okawaru
 10600 | D:10     | Reached skill level 11 in Shields
 10730 | D:10     | Noticed a seven-headed hydra
 10770 | D:11     | Noticed a gargoyle
 10923 | D:11     | Killed a gargoyle
 11080 | D:11     | Reached XP level 11. HP: 80/95 MP: 10/10
 11182 | D:11     | Found a transporter.
 11198 | D:11     | Noticed Exe's ghost (journeyman DsBe)
 11232 | D:11     | Found a transporter.
 11418 | D:11     | Noticed a two-headed ogre
 11430 | D:11     | Killed a two-headed ogre
 11844 | D:11     | Found a runed translucent door.
 11852 | D:11     | Found a runed translucent door.
 12063 | D:10     | Noticed a two-headed ogre
 12080 | D:10     | Killed a two-headed ogre
 12081 | D:10     | Reached skill level 1 in Stealth
 12253 | D:10     | Received a gift from Okawaru
 12306 | D:10     | Noticed a two-headed ogre
 12318 | D:10     | Killed a two-headed ogre
 12319 | D:10     | Reached skill level 10 in Armour
 12500 | D:10     | Found Uqeqyodwix's Jewellery Emporium.
 12668 | D:10     | Reached skill level 1 in Invocations
 12673 | D:10     | Reached skill level 12 in Shields
 12761 | D:10     | Found a staircase to the Lair.
 12808 | D:10     | Found a burning altar of Makhleb.
 12808 | D:10     | Noticed a balrug
 12862 | Lair:1   | Entered Level 1 of the Lair of Beasts
 12942 | Lair:1   | Found a dark tunnel.
 12953 | Volcano  | Entered a volcano
 13020 | Volcano  | Noticed a lindwurm
 13046 | Volcano  | Killed a lindwurm
 13319 | Volcano  | Noticed a lindwurm
 13343 | Volcano  | Killed a lindwurm
 13344 | Volcano  | Reached skill level 13 in Shields
 13438 | Volcano  | Noticed a lindwurm
 13448 | Volcano  | Killed a lindwurm
 13655 | Volcano  | Noticed a fire dragon
 13687 | Volcano  | Killed a fire dragon
 13968 | Lair:1   | Reached XP level 12. HP: 56/104 MP: 12/12
 14112 | Lair:1   | Received a gift from Okawaru
 14410 | Lair:1   | Reached skill level 14 in Shields
 15147 | Lair:1   | Reached skill level 10 in Fighting
 15586 | D:10     | Killed a two-headed hydra
 15763 | D:10     | Found Bush's Book Shop.
 16034 | D:10     | Reached skill level 5 in Shapeshifting
 16445 | Lair:2   | Received a gift from Okawaru
 17012 | Lair:2   | Reached skill level 15 in Shields
 17377 | Lair:2   | Found a staircase to the Snake Pit.
 17609 | Lair:2   | Found a runed translucent gate.
 17610 | Lair:2   | Found a runed translucent gate.
 17613 | Lair:2   | Found a runed translucent gate.
 17614 | Lair:2   | Noticed SomethingFishy's ghost (journeyman HOFi)
 17648 | Lair:2   | Noticed a six-headed hydra
 17976 | Lair:2   | Killed a two-headed hydra
 17977 | Lair:2   | Reached XP level 13. HP: 84/114 MP: 13/13
 18074 | Lair:2   | Noticed a dire elephant
 18105 | Lair:2   | Killed a dire elephant
 18370 | Lair:2   | Received a gift from Okawaru
 18760 | Lair:2   | Found a viscous altar of Jiyva.
 18975 | Lair:3   | Found a staircase to the Swamp.
 19002 | Lair:3   | Noticed Rupert
 19018 | Lair:3   | Paralysed by Rupert for 5 turns
 19039 | Lair:3   | Mangled by Rupert

Illustrated notes

Levels and vault maps discovered:
D:1:      dpeg_arrival_pits, layout_basic
D:2:      layout_basic, chequers_serial_rivers_micro_c
D:3:      layout_basic
D:4:      layout_basic, minitemple, uniq_crazy_yiuf_cottage
D:5:      layout_rooms, minmay_temple_entry_glass, uniq_pikel
D:6:      layout_basic, serial_co_window_serial, co_window_paths_a,
          co_window_paths_b, co_window_cross_1, co_window_cross_1,
          co_window_corner_a, co_window_corner_b, co_window_corner_b,
          co_window_corner_ca, co_window_4corner_b, glass_columns_a,
          uniq_sigmund, uniq_jeremiah
D:7:      layout_basic, nicolae_elemental_shop
D:8:      layout_layer_cave, chequers_temple_overflow_statue_of_worship,
          grunt_ministairs_15, chequers_big_river
D:9:      layout_roguey, minmay_fractal_squares_5
D:10:     regret_index_early_branch_jog, layout_loops_ring,
          makhleb_altar_promises_db, serial_glass, glass_columns_b,
          glass_columns_c, serial_shops, nicolae_shop_rolling_square
D:11:     lemuel_insect_pit, layout_loops_ring,
          gammafunk_ghost_berserking_beasts
Temple:   compressed_dpeg_circular_temple
Lair:1:   layout_gridlike, nicolae_volcano_entry_two_sided,
          lemuel_another_geyser
Lair:2:   layout_hall_layers, alex1729_snake_entry_snake, gammafunk_ghost_ooze,
          dreamdust_deal_with_the_devil, grunt_forest_small_clearings,
          nicolae_lair_lakeside_cave, serial_bayou_shore_b, lemuel_fruit_fields
Lair:3:   layout_chaotic_city, minmay_swamp_entry_reptiles,
          lemuel_centaur_altar, uniq_rupert

Skill      XL: |  1  2  3  4  5  6  7  8  9 10 11 12 13 |
---------------+----------------------------------------+-----
Armour         | 4 5 6 7 8 9 10 11 12 | 12.2
Shields        | 4 5 6 7 9 11 13 15 | 15.6
Fighting       | 4 5 6 7 8 9 10 11 | 11.1
Long Blades    | 3 4 5 6 7 9 10 12 13 | 13.9
Shapeshifting  | 1 2 3 4 5 |  5.4
Dodging        | 1 2 |  2.4
Stealth        | 1 |  1.7
Invocations    | 1 |  1.5
Evocations     | |  0.2

Action                     |  1- 3 |  4- 6 |  7- 9 | 10-12 | 13-15 || total
---------------------------+-------+-------+-------+-------+-------++-------
  Melee: Long sword        |    88 |   120 |   276 |   812 |   135 ||  1431
         Headbutt          |    16 |    15 |    59 |   207 |    48 ||   345
 Invoke: Heroism           |       |       |       |    14 |     3 ||    17
  Evoke: Wand              |       |       |     8 |       |       ||     8
    Use: Scroll            |     3 |     3 |     2 |    15 |     2 ||    25
         Potion            |       |       |     2 |     5 |     4 ||    11
   Stab: Sleeping          |       |     1 |       |       |       ||     1
 Armour: Plate armour      |    70 |   120 |   259 |   474 |    92 ||  1015
  Dodge: Dodged            |    10 |    26 |    76 |   121 |    19 ||   252
  Block: Kite shield       |    40 |    83 |   173 |    53 |       ||   349
         Tower shield      |       |       |       |   762 |   154 ||   916
   Form: Beast             |     1 |       |       |       |       ||     1
